 Dungeon Crawl Stone Soup version 0.29-a0-241-g20d21d4356 (webtiles) character file.

Game seed: 11185288587772740746

80 HotDog the Covered (level 4, -12/28 HPs)
             Began as a Gargoyle Fighter on Mar 4, 2022.
             Killed by divine providence
             ... invoked by an orc priest
              (16 damage)
             ... on level 3 of the Dungeon.
             The game lasted 00:01:52 (2028 turns).

HotDog the Covered (Gargoyle Fighter)               Turns: 2028, Time: 00:01:52

Health: -12/28     AC: 11    Str: 22    XL:     4   Next: 39%
Magic:  4/4        EV:  9    Int:  8    God:
Gold:   95         SH:  4    Dex:  9    Spells: 3/3 levels left

rFire   . . .      SeeInvis .   a - +0 flail
rCold   . . .      Faith    .   c - +0 buckler
rNeg    + . .      Spirit   .   b - +0 scale mail
rPois   ∞          Reflect  .   (no helmet)
rElec   +          Harm     .   h - +0 cloak
rCorr   .          Rampage  .   (no gloves)
Will    .....                   (no boots)
Stlth   ..........              (no amulet)
HPRegen 0.09/turn               (no ring)
MPRegen 0.09/turn               (no ring)

@: mighty
A: sickness immunity, AC +3, negative energy resistance 1, electricity
resistance, torment resistance 1, petrification resistance
a: no special abilities


You were on level 3 of the Dungeon.
You visited 1 branch of the dungeon, and saw 3 of its levels.

You collected 95 gold pieces.

Inventory:

Hand Weapons
 a - a +0 flail (weapon)
Armour
 b - a +0 scale mail (worn)
 c - a +0 buckler (worn)
 h - a +0 cloak (worn)
Wands
 m - a wand of paralysis (9)
Scrolls
 e - a scroll of identify
 g - 2 scrolls of immolation
 l - a scroll of enchant armour
Potions
 f - 2 potions of brilliance
 i - a potion of attraction {unknown}


   Skills:
 * Level 3.6 Fighting
 * Level 3.1 Maces & Flails
 * Level 3.9 Armour
 * Level 0.6 Dodging
 * Level 3.6 Shields
 * Level 0.7 Invocations


You had 3 spell levels left.
You didn't know any spells.
Your spell library contained the following spells:

 Spells                   Type           Power      Damage    Failure   Level
 Magic Dart               Conj           0%         1d3       82%         1
 Call Imp                 Summ           0%         N/A       91%         2
 Mephitic Cloud           Conj/Pois/Air  0%         N/A       99%         3


Dungeon Overview and Level Annotations

Branches:
Dungeon (3/15)

Altars:


Innate Abilities, Weirdness & Mutations

You are immune to sickness and miasma.
Your stone body is resilient. (AC +3)
You are immune to poison.
You resist negative energy. (rN+)
You are resistant to electric shocks. (rElec)
You are resistant to unholy torment.
You are immune to petrification.


Message History

You closely miss the orc. The orc hits you with a +0 club.
The orc hits you but does no damage. The frilled lizard barely misses you.
The orc barely misses you. The orc closely misses you.
Unknown command.
You thump the orc!
You kill the orc!
The frilled lizard bites you but does no damage.
The orc hits you but does no damage.
The frilled lizard bites you but does no damage.
Items here: ))))) [[ ††.
Things that are here:
a +0 flail; an orc corpse You hit the orc.
The orc is heavily wounded.
The orc hits you but does no damage.
You closely miss the orc.
The orc is heavily wounded.
The orc closely misses you. The orc hits you but does no damage.
You hit the orc.
The orc is severely wounded.
The orc priest mumbles some strange prayers to Beogh against you.
Beogh smites you!
* * * LOW HITPOINT WARNING * * *
The orc barely misses you.
You hit the orc.
You kill the orc!
You completely miss the frilled lizard.
The frilled lizard bites you but does no damage.
You miss the frilled lizard.
The frilled lizard bites you but does no damage.
You closely miss the frilled lizard. The frilled lizard barely misses you.
You block the frilled lizard's attack.
You sock the frilled lizard!
You kill the frilled lizard!
You hit the orc priest.
The orc priest is moderately wounded.
The orc priest mumbles some strange prayers to Beogh against you.
Beogh smites you!
Ouch! That really hurt!
You die...

.........................#
..........................
...####.#...............#
## #.................#
###...............#
#...####....##.# #...#
#.##.##.# # #####...#
#o#.og..# ..# #.......#
#@#####.#....# #.......#
#............# #..(....#
######.#.....# #...†..##
#.#.###.# #......# #.#.# #
##......#### #.#.#
#..........# #.#.#
#..........# #.#.#
#..........# #..


You could see an orc priest.

Vanquished Creatures
  An orc priest (D:3)
  An adder (D:3)
  A dart slug (D:3)
  6 orcs (D:3)
  A bat (D:1)
  An endoplasm (D:2)
  A giant cockroach (D:1)
  A goblin (D:2)
  4 hobgoblins
  4 jackals (D:1)
  A quokka (D:1)
  3 ball pythons
  2 frilled lizards
  2 kobolds (D:1)
  5 rats
34 creatures vanquished.

Notes
Turn   | Place    | Note
-------+----------+-------------------------------------------
     0 | D:1      | HotDog the Gargoyle Fighter began the quest for the Orb.
     0 | D:1      | Reached XP level 1. HP: 14/14 MP: 1/1
   480 | D:1      | Reached XP level 2. HP: 14/19 MP: 2/2
  1855 | D:3      | Reached XP level 3. HP: 19/23 MP: 3/3
  2015 | D:3      | Reached XP level 4. HP: 23/28 MP: 4/4
  2028 | D:3      | Killed from afar by an orc priest

Illustrated notes

Levels and vault maps discovered:
D:1:      erik_arrival_blinker_ship, layout_basic,
          chequers_serial_rivers_large_b
D:2:      layout_basic, hellmonk_ecumenical_altar_blasted, basic_altar,
          minivault_25, minmay_crystal_room, grunt_decor_junction
D:3:      layout_basic

Skill      XL: |  1  2  3 |
---------------+----------+-----
Maces & Flails | 3 |  3.1
Fighting       | |  3.6
Armour         | |  3.9
Dodging        | |  0.6
Shields        | |  3.6
Invocations    | |  0.7

Action                   |  1- 3 |  4- 6 || total
-------------------------+-------+-------++-------
Melee: Flail             |    76 |    12 ||    88
  Use: Scroll            |     7 |       ||     7
       Potion            |     4 |       ||     4
Armor: Scale mail        |    67 |    10 ||    77
Dodge: Dodged            |    61 |     7 ||    68
Block: Buckler           |    25 |     1 ||    26

Table legend: (Time is in decaauts)
 A = Elapsed time spent in this place.
 B = Non-inter-level travel time spent in this place.
 C = Inter-level travel time spent in this place.
 D = Time resting spent in this place.
 E = Time spent auto-exploring this place.
 F = Levels seen in this place.
 G = Mean time per level.
                   A        B        C        D        E       F      G
               +--------+--------+--------+--------+--------+-----+--------+
         Total |   2081 |   2049 |     32 |    512 |   1242 |   3 |  693.7 |
       Dungeon |   2081 |   2049 |     32 |    512 |   1242 |   3 |  693.7 |
               +--------+--------+--------+--------+--------+-----+--------+

Top non-repeatable levels by time:
     D:1: 1530 daAuts
     D:2: 317 daAuts
     D:3: 234 daAuts
